cohdb
Replays
Latest Replays
All Replays
Popular Replays
Top Player Replays
Match Explorer
How It Works
Community
CoH3 Stats
Reddit
Sign in to upload your games and track your stats! →
Sign in with Steam
Match 40483032
Unlisted
Match 40483032
Overview
Messages
Build Orders
End
Construct Infanterie Kompanie
Selects Breakthrough Battlegroup
Selects Assault Grenadiers
Grenadier Squad
MG 42 Machine Gun Team
Grenadier Squad
Grenadier Squad
Construct Panzergrenadier Kompanie
Pak 40 Anti-tank Gun Team
Nuclear Viking
聽取蛙聲一片
15907896199
(Ɔ ˘⌣˘)♥SUBHUMMUS♥(˘⌣˘ C) BSc
Fabius Maximus
김치워리어
0
0
Comments
sign in to comment!
No comments posted yet!